 Dungeon Crawl Stone Soup version 0.29.0-15-g675c0067aa (webtiles) character file.

Game seed: 10533734345942244691

25 qw the Sneak (level 3, 0/23 HPs)
             Began as a Gargoyle Delver on Sept 11, 2022.
             Slain by a gnoll bouda
             ... wielding a +0 whip
              (7 damage)
             ... on level 5 of the Dungeon.
             The game lasted 00:00:03 (327 turns).

qw the Sneak (Gargoyle Delver)                       Turns: 327, Time: 00:00:03

Health: 0/23       AC:  6    Str: 17    XL:     3   Next: 4%
Magic:  3/3        EV: 11    Int: 10    God:
Gold:   54         SH:  0    Dex: 11    Spells: 2/2 levels left

rFire   . . .      SeeInvis .   a - +0 hand axe
rCold   . . .      Faith    .   (no shield)
rNeg    + . .      Spirit   .   b - +0 leather armour
rPois   inf        Reflect  .   (no helmet)
rElec   +          Harm     .   (no cloak)
rCorr   .          Rampage  .   (no gloves)
Will    .....                   (no boots)
Stlth   +++.......              (no amulet)
HPRegen 0.07/turn               (no ring)
MPRegen 0.08/turn               (no ring)

@: weakened
A: sickness immunity, AC +3, negative energy resistance 1, electricity
resistance, torment resistance 1, petrification resistance
a: no special abilities


You were on level 5 of the Dungeon.
You visited 1 branch of the dungeon, and saw 1 of its levels.

You collected 54 gold pieces.


Innate Abilities, Weirdness & Mutations

You are immune to sickness and miasma.
Your stone body is resilient. (AC +3)
You are immune to poison.
You resist negative energy. (rN+)
You are resistant to electric shocks. (rElec)
You are resistant to unholy torment.
You are immune to petrification.


   Skills:
 - Level 3.2 Fighting
 + Level 3.1 Axes
 - Level 1.5 Dodging
 - Level 5.4 Stealth


You had 2 spell levels left.
You didn't know any spells.
Your spell library was empty.

Inventory:

Hand Weapons
 a - a +0 hand axe (weapon)
Armour
 b - a +0 leather armour (worn)
Wands
 g - a wand of digging (3)
Scrolls
 c - a scroll of fog
 d - a scroll of magic mapping
 e - a scroll of fear
 h - a scroll of torment {unknown}
 i - a scroll of poison {unknown}
Potions
 f - a potion of haste

Dungeon Overview and Level Annotations

Branches:
Dungeon (5/15)
 Temple: D:4-7

Altars:


Message History

You start resting.
HP restored.
You now have 24 gold pieces (gained 10).
You now have 37 gold pieces (gained 13).
i - a scroll labelled UHICOK COUC You now have 54 gold pieces (gained 17).
A gnoll and an iguana come into view.
A gnoll comes into view. It is wielding a +0 whip.
The gnoll moves out of view.
Enter note:
320 ||| Stepping ~*~*~tactically~*~*~ (stealth).
The gnoll shouts!
You hear a shout! x3
A gnoll bouda comes into view.
It is wielding a +0 whip and wearing a +0 robe of willpower.
A gnoll comes into view. It is wielding a +0 flail.
A gnoll comes into view. It is wielding a +0 club.
The gnoll hits you with a +0 spear.
The gnoll bouda gazes fiercely through you!
You feel your attacks grow feeble.
You closely miss the gnoll.
The gnoll shouts!
You hit the gnoll bouda.
An ufetubus comes into view.
The gnoll hits you with a +0 spear. The gnoll bouda closely misses you.
You hit the gnoll bouda.
The gnoll bouda is lightly wounded.
You closely miss the gnoll.
The gnoll bouda hits you with a +0 whip.
You hit the gnoll bouda but do no damage.
The gnoll bouda is lightly wounded.
You hit the gnoll. You barely miss the gnoll.
The gnoll hits you but does no damage. The gnoll hits you with a +0 spear.
The gnoll bouda gazes fiercely through you!
You feel as though you will be weak longer.
The gnoll bouda hits you with a +0 whip.
You hit the gnoll but do no damage.
The gnoll is lightly wounded.
You closely miss the gnoll. You hit the gnoll bouda.
The gnoll barely misses you. The gnoll hits you with a +0 spear.
The gnoll bouda hits you with a +0 whip!
You die...

. .. ### ### ...
##.####.# ....
##....##.###### .....
#..........##g#g5....
##.......##..@gl.....
#.......#...#g......
#####...........g......
##..##.......##..#......
..............#.........
...........#.##.#.......
...........######.......
.....#..##..#..#.....##.
.....#..###.......#


You could see a gnoll bouda, an iguana, 4 gnolls and an ufetubus.

Vanquished Creatures
  An iguana (D:5)
1 creature vanquished.

Notes
Turn   | Place    | Note
-------+----------+-------------------------------------------
     0 | D:5      | qw the Gargoyle Delver began the quest for the Orb.
     0 | D:5      | Reached XP level 1. HP: 14/14 MP: 1/1
     0 | D:5      | 0 ||| qw: Version: 0.1-a-117-gfe26ee0
     0 | D:5      | 0 ||| qw: Game counter: 10198
     0 | D:5      | 0 ||| qw: Always use a shield: true
     0 | D:5      | 0 ||| qw: God list: Okawaru
     0 | D:5      | 0 ||| qw: Allow faded altars: false
     0 | D:5      | 0 ||| qw: Do Orc after D:15 true
     0 | D:5      | 0 ||| qw: Do second Lair branch before Depths: true
     0 | D:5      | 0 ||| qw: Lair rune preference: random
     0 | D:5      | 0 ||| qw: Plans: Normal
     0 | D:5      | 0 ||| PLANNING D:1-11
    16 | D:5      | Noticed an iguana
    30 | D:5      | HP: 3/14 [iguana (11)]
    32 | D:5      | Killed an iguana
    33 | D:5      | Reached skill level 3 in Axes
    33 | D:5      | Reached XP level 2. HP: 4/19 MP: 2/2
    33 | D:5      | Reached XP level 3. HP: 5/23 MP: 3/3
   320 | D:5      | 320 ||| Stepping ~*~*~tactically~*~*~ (stealth).
   327 | D:5      | Slain by a gnoll bouda

Levels and vault maps discovered:
D:5:      minmay_opposing_rooms, layout_cave_pools, glass_columns_a,
          uniq_menkaure

Skill      XL: |  1 |
---------------+----+-----
Axes           | 3 |  3.1
Fighting       | |  3.2
Dodging        | |  1.5
Stealth        | |  5.4

Action                   || total
-------------------------++-------
Melee: Hand axe          ||    14
       Punch             ||     1
Armor: Leather armour    ||     4
Dodge: Dodged            ||     8

Table legend:
 A = Non-vault XP
 B = Vault XP
 C = Vault XP percentage of total XP
 D = Non-vault monster count
 E = Vault monster count
 F = Vault count percentage of total count
                 A         B        C        D         E       F
            +---------+---------+-------+---------+---------+-------
      Total |      36 |       0 |   0.0 |       1 |       0 |   0.0
            +---------+---------+-------+---------+---------+-------
        D:5 |      36 |       0 |   0.0 |       1 |       0 |   0.0
            +---------+---------+-------+---------+---------+-------
